Cogmind - Beta 13 @@@ ROGUE MODE // 2024.04.28 @ 10:40:29 Player: Gabe+Kate4EVR Result: Destroyed by S-10 Pest with Light Assault Rifle Performance ------------- Evolutions (1) 500 Regions Visited (3) 600 Robots Destroyed (33) 165 Value Destroyed (557) 557 Prototype IDs (3) 60 Alien Tech Used (0) 0 Bonus (250) 250 TOTAL SCORE: 2132 Bonus ------- Pacifist 200 High Alert Combat Kills 50 Cogmind --------- Core Integrity 0/400 Matter 16/300 Energy 250/250 System Corruption 20% Temperature Cool (0) Movement Walking (120) Location -9/Mines Parts ------- > --- POWER (1) -------- Ion Engine > --- PROPULSION (3) --- Improved Aluminum Leg Improved Aluminum Leg Improved Aluminum Leg > --- UTILITY (3) ------ Small Storage Unit Small Storage Unit > --- WEAPON (2) ------- Light Cannon Rocket Launcher > --- INVENTORY (8) ---- Ion Engine Improved Aluminum Leg Flight Unit High-capacity Matter Pod (200) Light Armor Plating Hardened Light Armor Plating Rocket Launcher Plasma Cutter Peak State ------------ > --- POWER ------------ Ion Engine > --- PROPULSION ------- Improved Aluminum Leg Improved Aluminum Leg Improved Aluminum Leg > --- UTILITY ---------- Small Storage Unit Small Storage Unit > --- WEAPON ----------- Light Cannon Rocket Launcher > --- INVENTORY -------- Ion Engine Flight Unit Flight Unit High-capacity Matter Pod Light Armor Plating Hardened Light Armor Plating Rocket Launcher Plasma Cutter [Rating: 13] Favorites ----------- Power Light Ion Engine Engine Light Ion Engine Propulsion Flight Unit Treads Light Treads Leg Improved Aluminum Leg Flight Unit Flight Unit Utility Small Storage Unit Device Disposable Heat Sink Storage Small Storage Unit Processor Targeting Computer Protection Light Armor Plating Weapon Small Laser Energy Gun Small Laser Ballistic Gun Assault Rifle Ballistic Cannon Light Cannon Launcher Rocket Launcher Special Weapon Mining Laser Slashing Weapon Mining Claw Build | -11 -10 -9 -9 ------- Run | Yrd Mat Mat Min Slots Evolved 2 | . . 2 . Power . | . . . . Propulsion 1 | . . 1 . Utility 1 | . . 1 . Weapon . | . . . . Parts Attached 52 | 7 1 39 5 Power 6 | 1 . 4 1 Engine 6 | 1 . 4 1 Core . | . . . . Reactor . | . . . . Propulsion 21 | 3 . 17 1 Treads 6 | 1 . 5 . Leg 6 | 2 . 3 1 Wheel . | . . . . Hover . | . . . . Flight 9 | . . 9 . Utility 6 | 1 1 3 1 Device 1 | . . 1 . Storage 2 | 1 . . 1 Processor 1 | . 1 . . Hackware . | . . . . Protection 2 | . . 2 . Artifact . | . . . . Weapon 19 | 2 . 15 2 Energy Gun 7 | 1 . 6 . Energy Cannon . | . . . . Ballistic Gun 3 | 1 . 2 . Ballistic Cannon 1 | . . . 1 Launcher 3 | . . 2 1 Special Weapon 1 | . . 1 . Impact Weapon . | . . . . Slashing Weapon 4 | . . 4 . Piercing Weapon . | . . . . Special Melee Weapon . | . . . . Unidentified Prototypes 1 | . . 1 . Corrupted Parts 1 | . . 1 . System Corruption 1 | . . 1 . Parts Lost 15 | . . 14 1 Power 1 | . . 1 . Propulsion 7 | . . 7 . Utility 2 | . . 2 . Weapon 5 | . . 4 1 Highest Loss Streak 4 | . . 4 1 To Critical Strikes . | . . . . Average Slot Usage (%) 72 | . 96 66 80 Engine 6 | . 14 3 11 Treads 6 | . . 9 . Leg 12 | . 28 3 33 Flight 8 | . . 12 . Device 2 | . . 3 . Storage 12 | . 14 11 17 Processor 4 | . 10 4 . Energy Gun 7 | . 14 9 . Ballistic Gun 4 | . 14 3 . Ballistic Cannon 1 | . . . 6 Launcher 3 | . . 2 9 Slashing Weapon 1 | . . 2 . Naked Turns . | . . . . Heaviest Build 22 | 11 11 16 22 Greatest Support 60 | 20 20 60 39 Greatest Overweight (x) 3 | 2 . 3 . Average Overweight (x) . | . . . . Largest Inventory Capacity 8 | 8 8 8 8 Average Capacity 7 | 7 8 8 8 Most Carried 8 | 4 6 8 8 Average Carried 6 | 1 4 6 7 Final Capacity 8 | 8 8 8 8 Final Carried 8 | 4 5 8 8 Class Distribution -------------------- 95% | Mutant 4% | Scavenger-Mutant Dominant Class ---------------- Mutant | -10/Materials Mutant | -9/Materials Mutant | -9/Mines Resources | -11 -10 -9 -9 ----------- Run | Yrd Mat Mat Min Matter Collected 1002 | 234 . 705 63 Remotely . | . . . . Salvage Created 647 | . . 591 56 Parts 57 | . . 49 8 Haulers Intercepted 1 | . . 1 . Recyclers Shooed . | . . . . Parts Field Recycled . | . . . . Retrieved Matter . | . . . . Parts Self-Destructed . | . . . . Prevented . | . . . . Kills | -11 -10 -9 -9 ------- Run | Yrd Mat Mat Min Combat Hostiles Destroyed 22 | . . 16 6 Guns 13 | . . 13 . Cannons 1 | . . . 1 AOE 8 | . . 3 5 Classes Destroyed 9 | . . 9 . Worker 3 | . . 2 1 Builder 4 | . . 4 . Hauler 1 | . . 1 . Recycler 1 | . . 1 . Watcher 2 | . . 2 . Swarmer 13 | . . 9 4 Grunt 5 | . . 3 2 Brawler 1 | . . 1 . Sentry 3 | . . 3 . Best Kill Streak 5 | . . 5 4 Combat Bots Only 4 | . . 4 3 Max Kills in Single Turn 3 | . . 2 3 Gunslinging . | . . . . Exploded 2 | . . 1 2 Melee . | . . . . Uniques/NPCs Destroyed . | . . . . Combat | -11 -10 -9 -9 -------- Run | Yrd Mat Mat Min Hostile Shots Fired 167 | . . 148 19 Missed 49 | . . 45 4 Damage Taken 1707 | . . 1521 186 Core 404 | . . 323 81 Absorbed by Shields . | . . . . Core Remaining (%) 100 | 100 100 . . Volleys Fired 83 | . . 72 11 Largest 2 | . . 2 2 Hottest 89 | . . 89 68 Shots Fired 116 | . . 103 13 Gun 89 | . . 89 . Cannon 7 | . . . 7 Launcher 20 | . . 14 6 Special . | . . . . Kinetic 48 | . . 41 7 Thermal 44 | . . 44 . Explosive 20 | . . 14 6 Electromagnetic 4 | . . 4 . Robot Hit Streak 30 | . . 30 3 Robot Miss Streak 5 | . . 5 3 Penetration Max . | . . . . Secondary Targets . | . . . . Shots Hit Robots 68 | . . 63 5 Core Hits 52 | . . 43 9 Critical Kills . | . . . . Critical Parts Destroyed . | . . . . Critical Strikes . | . . . . Melee Attacks 44 | . . 44 . Impact . | . . . . Slashing 44 | . . 44 . Piercing . | . . . . Sneak Attacks . | . . . . Combat Hostiles . | . . . . Follow-up Attacks . | . . . . Damage Inflicted 1747 | . . 1372 375 Guns 604 | . . 604 . Cannons 33 | . . . 33 Explosions 1041 | . . 702 339 Melee 66 | . . 66 . Ramming 3 | . . . 3 Kinetic 243 | . . 210 33 Thermal 337 | . . 337 . Explosive 1041 | . . 702 339 Electromagnetic 57 | . . 57 . Impact . | . . . . Slashing 66 | . . 66 . Piercing . | . . . . Highest Corruption 20 | . . 20 20 Average Corruption 18 | . . 17 20 Corruption Purged . | . . . . Corruption Blocked . | . . . . Effects 34 | . . 25 9 Message Errors 7 | . . 4 3 Matter Fused 10 | . . 9 1 Heat Flow Errors 4 | . . 1 3 Energy Discharges 3 | . . 2 1 Data Loss (minor) 6 | . . 5 1 Data Loss (major) 1 | . . 1 . Misdirections 1 | . . 1 . Weapon Failures 2 | . . 2 . Overload Shots . | . . . . Overflow Damage 33 | . . 27 6 Projectiles . | . . . . Explosions 33 | . . 27 6 Melee . | . . . . Knockbacks . | . . . . Impact . | . . . . Kinetic . | . . . . Secondary . | . . . . Self-Inflicted Damage 59 | . . . 59 Shots 2 | . . . 2 Rammed . | . . . . Targets Rammed 1 | . . . 1 Kicked 1 | . . . 1 Crushed . | . . . . Highest Temperature 226 | . . 226 176 Average Temperature 53 | . . 44 75 Received Heat Transfer 294 | . . 273 21 Effects 1 | . . 1 . Interference 1 | . . 1 . Siege Activations . | . . . . Robots Corrupted . | . . . . Combat Hostiles . | . . . . Parts Fried . | . . . . Impact Corruptions . | . . . . Robots Melted . | . . . . Combat Hostiles . | . . . . Parts Melted 1 | . . 1 . Heat Transferred 796 | . . 796 . Parts Sabotaged . | . . . . Parts Stolen . | . . . . Parts Stripped . | . . . . Power Chain Reactions . | . . . . Alert | -11 -10 -9 -9 ------- Run | Yrd Mat Mat Min Peak Influence 601 | . . 601 419 Initial 234 | . . . 234 Average 285 | . . 363 334 Maximum Alert Level 2 | . . 2 2 Low Security (%) 31 | 100 100 18 . Level 1 36 | . . 29 98 Level 2 32 | . . 51 1 Level 3 . | . . . . Level 4 . | . . . . Level 5 . | . . . . High Security . | . . . . Max Security . | . . . . Squads Dispatched 2 | . . 2 . Investigation . | . . . . Extermination . | . . . . Reinforcement 2 | . . 2 . Assault . | . . . . Garrison . | . . . . Intercept . | . . . . Searches Triggered . | . . . . Construction Impeded 1 | . . 1 . Haulers Reinforced . | . . . . Active Scanning Responses . | . . . . Cargo Convoy Interrupts . | . . . . Stealth | -11 -10 -9 -9 --------- Run | Yrd Mat Mat Min Distress Signals 3 | . . 3 . Communications Jammed . | . . . . Distress Signals . | . . . . Times Spotted 49 | . . 41 8 Peak Tracking Total 8 | . . 8 4 Tactical Retreats 6 | . . 6 . Traps | -11 -10 -9 -9 ------- Run | Yrd Mat Mat Min Traps Triggered . | . . . . Indirectly . | . . . . Trap Hack Attempts . | . . . . Triggered . | . . . . Disarmed . | . . . . Reprogrammed . | . . . . Reused . | . . . . Traps Extracted . | . . . . Installed . | . . . . Triggered . | . . . . Machines | -11 -10 -9 -9 ---------- Run | Yrd Mat Mat Min Machines Disabled 1 | . . . 1 Max in Single Turn 1 | . . . 1 Machines Repaired . | . . . . Machines Dismantled . | . . . . Machines Sabotaged . | . . . . Overloaded Fab Kills . | . . . . Hacking | -11 -10 -9 -9 --------- Run | Yrd Mat Mat Min Machines Accessed 1 | . . 1 . Terminals 1 | . . 1 . Fabricators . | . . . . Repair Stations . | . . . . Recycling Units . | . . . . Scanalyzers . | . . . . Garrison Access . | . . . . Total Hacks 2 | . . 2 . Successful 2 | . . 2 . Failed . | . . . . Catastrophic . | . . . . Database Lockouts . | . . . . Manual . | . . . . Terminals 2 | . . 2 . Fabricators . | . . . . Repair Stations . | . . . . Recycling Units . | . . . . Scanalyzers . | . . . . Garrison Access . | . . . . Terminal Hacks 2 | . . 2 . Prototype ID Bank 1 | . . 1 . Alert Level 1 | . . 1 . Fabricator Hacks . | . . . . Repair Station Hacks . | . . . . Recycling Unit Hacks . | . . . . Scanalyzer . | . . . . Garrison Access Hacks . | . . . . Unauthorized Hacks . | . . . . Terminals . | . . . . Fabricators . | . . . . Repair Stations . | . . . . Recycling Units . | . . . . Scanalyzers . | . . . . Garrison Access . | . . . . Data Cores Recovered . | . . . . Used . | . . . . Hacking Detections . | . . . . Full Trace Events . | . . . . Feedback Events . | . . . . Feedback Blocked . | . . . . Robot Schematics Acquired . | . . . . Robots Built . | . . . . Authchips . | . . . . Time . | . . . . Total Robot Build Rating . | . . . . Part Schematics Acquired . | . . . . Parts Built . | . . . . Authchips . | . . . . Time . | . . . . Total Part Build Rating . | . . . . Parts Repaired . | . . . . Time . | . . . . Parts Recycled . | . . . . Recycled Matter . | . . . . Retrieved Matter . | . . . . Retrieved Components . | . . . . Parts Scanalyzed . | . . . . Part Schematics Acquired . | . . . . Parts Damaged . | . . . . Bothacking | -11 -10 -9 -9 ------------ Run | Yrd Mat Mat Min Used RIF Installer . | . . . . Robots Hacked . | . . . . Non-combat . | . . . . Combat . | . . . . Robot Hacks Applied . | . . . . Relay Couplers Released . | . . . . Fabnet Peak Effective % . | . . . . Robots Rewired . | . . . . Allies Hacked . | . . . . Hacks Repelled . | . . . . Allies | -11 -10 -9 -9 -------- Run | Yrd Mat Mat Min Total Allies . | . . . . Largest Group . | . . . . Highest-Rated Group . | . . . . Highest-Rated Ally . | . . . . Total Orders . | . . . . Ally Attacks . | . . . . Total Damage . | . . . . Kills . | . . . . Allies Corrupted . | . . . . Allies Melted . | . . . . Intel | -11 -10 -9 -9 ------- Run | Yrd Mat Mat Min Robot Analysis Total . | . . . . Derelict Logs Recovered . | . . . . Drone Launches . | . . . . Drone Recoveries . | . . . . Exploration | -11 -10 -9 -9 ------------- Run | Yrd Mat Mat Min Turns Passed 1168 | 113 122 720 213 Spaces Moved 682 | 78 94 373 137 Core 13 | 6 . 7 . Treads 118 | 19 . 99 . Legs 322 | 53 94 38 137 Wheels . | . . . . Hover . | . . . . Flight 229 | . . 229 . Fastest Speed 34 | 50 120 34 120 Average Speed 103 | 127 120 88 120 Slowest Speed 280 | 160 120 280 120 Overloaded Moves . | . . . . Propulsion Burnouts . | . . . . Robots Hopped 3 | . . 3 . Cave-ins Triggered 3 | . . 3 . Exploration Rate (%) 25 | 5 25 36 35 Regions Visited 3 Branch Regions 1 Pre-discovered Areas . | . . . . Known Exits Taken . | . . . . Unknown Exits Taken 3 | 1 1 1 . Scrap Searched 1 | . . . 1 Spaces Dug 32 | . . 32 . Terrain Destroyed 148 | . . 108 40 Melee 32 | . . 32 . Projectile . | . . . . AOE 116 | . . 76 40 Terrain Rammed . | . . . . Walls Destroyed . | . . . . Machines Disabled . | . . . . Actions | -11 -10 -9 -9 --------- Run | Yrd Mat Mat Min Total 926 | 88 103 561 174 Wait 28 | . 6 10 12 Move 671 | 77 93 364 137 Hop 3 | . . 3 . Pick Up 17 | 3 2 8 4 Fast Attach 27 | 7 1 17 2 Attach 11 | . . 9 2 Detach 11 | 1 . 10 . Swap 14 | . . 13 1 Drop 14 | . 1 9 4 Fire 83 | . . 72 11 Melee 44 | . . 44 . Ram . | . . . . Kick 1 | . . . 1 Crush . | . . . . Escape Stasis 2 | . . 2 . Rewire . | . . . . Trap . | . . . . Miscellaneous . | . . . . Route ------- -11/Scrapyard -10/Materials (discovered 2 exits: *Mat / [*Min]) -9/Materials (discovered 2 exits: [*Min x2]) -9/Mines History --------- Turn | Location | Event 5 | -11/Scrapyard | Discovered new exit (range 15) 114 | -11/Scrapyard | Entered Materials 146 | -10/Materials | Discovered new exit (range 7) 225 | -10/Materials | Discovered new exit (range 9) 236 | -10/Materials | Entered another Materials area 236 | -9/Materials | Evolved 2 slots: Propulsion x1, Utility x1 236 | -9/Materials | Discovered new exit (range 15) 333 | -9/Materials | Build established: Mutant 472 | -9/Materials | Lost 3 parts (1p2n) 528 | -9/Materials | Crushed by falling debris 529 | -9/Materials | Crushed by falling debris 529 | -9/Materials | System corruption reached 10% 547 | -9/Materials | Crushed by falling debris 560 | -9/Materials | Lost 4 parts (3n1u) 668 | -9/Materials | Lost 4 parts (1u3w) 671 | -9/Materials | Discovered new exit (range 9) 738 | -9/Materials | Core integrity fell below 50% 954 | -9/Materials | Core integrity fell below 20% 956 | -9/Materials | Entered Mines 1169 | -9/Mines | Destroyed by S-10 Pest with Light Assault Rifle Last Messages --------------- 01092_ System corrupted: Heat flow error (+196). 01092_ Acquired 7 matter. 01092_ U-05 Engineer lays Concrete. 01095_ U-05 Engineer builds a Wall. 01096_ Acquired 2 matter. 01100_ U-05 Engineer lays Concrete. 01104_ Acquired 4 matter. 01104_ U-05 Engineer lays Concrete. 01113_ G/MDG&%B7UAHAG0GLQW3KC#EFM%VYEWWL 01113_ U-05 Engineer lays Concrete. 01113_ R-06 Scavenger collects Flight Unit. 01114_ U-05 Engineer lays Concrete. 01120_ Acquired Flight Unit. 01121_ U-05 Engineer lays Concrete. 01138_ Q 2G7HQ:UD2UAUC3XY9DBCC 01142_ T-07 Excavator is excavating. 01155_ System corrupted: Component data lost. 01165_ S-10 Pest destroyed. 01167_ Kicked S-10 Pest out of the way. 01168_ Acquired 14 matter. Map ----- +----------------------------------------------------+ | | | | | | | | | ?????????????????????????????????????????? | | ?????????????????????????????????????????? | | ?????????????????????????????????????????? | | ?????????????????????????????????????????? | | ?????????????????????????????????????????? | | ?????????????????????????????????????????? | | ?????????????????????????????????????????? | | ????????????????????????####?????????????? | | ???????????????????###### ##????????????? | | ???????????????????# ##???????????? | | ???????????????????# ##??????????? | | ???????????????????### ## ##?????????? | | ?????????????????????# ### ##????????? | | ?????????????????????# #?## #????????? | | ?????????????????????# #??# #????????? | | ?????????????????????# #??## ##???????? | | ?????????????????????# #???## ##??????? | | ?????????????????????# #????# #??????? | | ?????????????????????# #????# ##?????? | | ????????????????###### #????# ##????? | | ????????????????#ss #????# #????? | | ????????????????#@#### #????# #????? | | ????????????????#=#??# #????# #####? | | ????????????????# #??# ###### #? | | ????????????????# #??# #? | | ????????????????#s#??######## ## | | ????????????????# #?????????# # | | ???????????????? ######### | | ???????????????? | | ???????????????? ## | | ????????????????"""????## ### ## | | ????????????????"""?????#???### # | | ????????????????"""???????????## # | | ???????????????????????????????## ## | | ????????????????????????????????### ##? | | ??????????????????????????????????## ## | | ???????????????????????????????????# | | ???????????????????????????????????# | | ??????????????????????????????????## | | ?????????????????????????????????## | | ?????????????????????????????????# | | ?????????????????????????????????# | | ?????????????????????????????????# | | ?????????????????????????????????# | | ?????????????????????????????????## | | ??????????????????????????????????# # # | +----------------------------------------------------+ Best States ------------- Heat Dissipation 28 Coolant Potential 50 Energy Generation 14 Energy Capacity 280 Matter Stores 300 Matter Capacity 300 Sight Range 16 Terrain Scan Density 10 Armor Coverage 150 Evasion (%) 63 Targeting Accuracy 5 Recoil Reduction 3 Item Schematics ----------------- None Robot Schematics ------------------ None Fabricated ------------ Nothing Alien Tech Used ----------------- None Achievements -------------- None Challenges ------------ None Game ------ Seed MicrowarpHugeFragment Manual? 0 Play Time 00:12:31 Cumulative 134.7 hours Start 2024.04.28 @ 10:28:09 End 2024.04.28 @ 10:40:29 Sessions 1 Manual Loads 0 Difficulty Rogue Special Mode None Game No. 273 Rogue 273 Adventurer 0 Explorer 0 Win Type - Total 0 Types 0/0/0/0/0/0/0/0/0 Lore% 35 Gallery% 55 Achievement% 37 Wizard Run 0 Options --------- Layout 0 ASCII 0 Keyboard 1 Movement Numpad Keybinds 0 Fullscreen 2 Font 18/X11 Map View 76x50 Zoom Use 0% Tactical HUD 1 Map Filters NONE Filters NONE Steam 1 RUN: 83244958-d755-4a50-a51f-c104f11ba377